 Dungeon Crawl Stone Soup version 0.14-a0-1663-g0b35444 (webtiles) character file.

8438 4tharraofdagon the Cleaver (level 11, 0/94 HPs)
             Began as a Centaur Artificer on Dec 28, 2013.
             Was a Priest of Zin.
             Slain by a vault guard
             ... wielding a +0,+1 halberd
              (7 damage)
             ... on Level 14 of the Dungeon.
             The game lasted 00:43:39 (6992 turns).

4tharraofdagon the Cleaver (Centaur Artificer)      Turns: 6992, Time: 00:43:40

HP   0/94        AC 15     Str 19      XL: 11   Next:  4%
MP  21/21        EV  5     Int 13      God: Zin [***...]
Gold 430         SH  0     Dex 15      Spells:  0 memorised, 10 levels left

rFire  + + .     SeeInvis .     l - +0,+1 war axe
rCold  + . .     Clarity  .     s - +1 elf chain mail
rNeg   . . .     Conserve .     (no shield)
rPois  +         rCorr    .     p - +2 helmet
rElec  +         rRot     .     (no cloak)
SustAb . .       Spirit   .     R - +1 pair of gloves {Dex+3}
rMut   .         Warding  .     (no barding)
Saprov . . .     Stasis   .     (no amulet)
                                j - ring of protection from fire
                                n - ring of sustenance

@: vitalised, very quick, somewhat resistant to hostile enchantments, extremely
unstealthy
A: hooves 3, deformed body, herbivore 1, speed 2, fast metabolism 1, tough skin
3
a: Recite, Vitalisation, Imprison, Renounce Religion


You were on level 14 of the Dungeon.
You worshipped Zin.
Zin was most pleased with you.
You were not hungry.

You visited 2 branches of the dungeon, and saw 15 of its levels.
You also visited: Ice Cave.

You collected 477 gold pieces.
You donated 47 gold pieces.

Inventory:

Hand weapons
 a - a +0,+0 short sword
 l - a +0,+1 war axe (weapon)
 o - a -3,-3 whip
 x - a +2,+0 orcish hand axe of flaming
 y - a +1,+4 orcish war axe of draining
 B - a cursed -3,-3 spear
Missiles
 I - 4 javelins (quivered)
Armour
 e - a +0 leather armour
 p - a +2 helmet (worn)
 s - a +1 elven chain mail (worn)
 G - a +2 ring mail of cold resistance
 H - a +1 ring mail of magic resistance
 R - a +1 pair of gloves of dexterity (worn)
Magical devices
 b - a wand of flame (0)
 c - a wand of enslavement (0)
 d - a wand of random effects (12)
 u - a wand of magic darts (2)
 E - a wand of random effects (18)
 M - a wand of fire (6)
 O - a wand of polymorph (13)
 Y - a wand of draining (3)
Comestibles
 f - 7 bread rations
 L - 4 meat rations
Scrolls
 q - a scroll of immolation {unknown}
 v - 3 scrolls of fear {unknown}
 w - a scroll of silence {unknown}
 A - 2 scrolls of amnesia
 C - 4 scrolls of remove curse
 D - a scroll of vulnerability {unknown}
 F - 3 scrolls of curse weapon {unknown}
 Q - a scroll of enchant weapon II
 T - a scroll of enchant weapon I {unknown}
 U - a scroll of fog {unknown}
Jewellery
 j - a ring of protection from fire (right hand)
 k - an uncursed ring of wizardry
 n - a ring of sustenance (left hand)
Potions
 g - a potion of poison
 i - a potion of magic
 t - a potion of degeneration
 K - 4 potions of restore abilities
 N - a potion of paralysis
 P - a potion of brilliance
 S - a potion of mutation
Magical staves
 z - an uncursed staff of energy
Miscellaneous
 V - a sack of spiders


   Skills:
 + Level 8.1 Fighting
 - Level 0.8 Short Blades
 * Level 9.9 Axes
 + Level 5.6 Armour
 - Level 1.3 Dodging
 - Level 0.5 Stealth
 + Level 8.0 Invocations
 - Level 2.6 Evocations


You had 10 spell levels left.
You didn't know any spells.

Dungeon Overview and Level Annotations

Branches:
Dungeon (14/16)            Temple (1/1) D:5            Lair (0/8) D:9
 Vaults (0/5) D:14
    Orc: D:9-12

Altars:
Ashenzari
Cheibriados
Elyvilon
Fedhas
Makhleb
Nemelex Xobeh
Okawaru
Sif Muna
Trog
Vehumet
Xom
Yredelemnul
Zin
the Shining One

Shops:
D:4 }

Annotations:
D:12 Grum
D:13 Piginabag's ghost, powerful DsMo; Urug
D:14 exclusion: Roxanne, Kirke; Roxanne


Innate Abilities, Weirdness & Mutations

You have hooves in place of feet.
Armour fits poorly on your strangely shaped body.
You digest meat inefficiently.
You cover ground very quickly.
You have a fast metabolism.
You have extremely tough skin (AC +3).


Message History

It hits you but does no damage. It hits you.
* * * LOW HITPOINT WARNING * * *
The centaur warrior hits you but does no damage.
The centaur barely misses you.
The vault guard hits you from afar with a halberd.
* * * LOW HITPOINT WARNING * * *
Unknown command.
Unknown command.
Unknown command.
Unknown command.
Read which item? (? for menu, Esc to quit)
As you read the scroll labeled BIZERI FUNEA, it crumbles to dust.
Your +0,+0 war axe glows red for a moment.
It was a scroll of enchant weapon II.
It hits you.
* * * LOW HITPOINT WARNING * * *
The centaur warrior hits you.
* * * LOW HITPOINT WARNING * * *
The centaur hits you but does no damage.
The vault guard hits you from afar with a halberd!
You die...

##...§...............#
#...##.......##...###
....# ##.....####..#
##.# ##...## ##.# #.
##+## ##.# # . ##..#
... ##...# #####
.....@#(...# #....
...∩cCa@c@..# #.[..
.....@#c...# #....
#...#.##...# #.... ...
. ##..# #.... # ##
##.# #.... .# #.... .#
#.... .# #.... #....


You could see 3 vault guards, 2 centaur warriors, a cyclops, a centaur and a
worker ant.

Vanquished Creatures
  Snorg (D:14)
  Erolcha (D:13)
  A necromancer (IceCv)
  Joseph (D:12)
  2 trolls
  3 yaks
  4 blue devils (IceCv)
  A wraith (D:14)
  A hippogriff (D:10)
  2 centaurs
  A porcupine (D:9)
  An orc warrior (D:8)
  2 ice beasts
  A sky beast (D:14)
  3 ogres
  4 giant frogs
  2 water moccasins (D:11)
  13 big kobolds
  Blork the orc (D:5)
  A goliath beetle (D:8)
  A wyvern skeleton (D:6)
  A troll zombie (D:11)
  2 killer bees (D:12)
  6 wights
  A giant frog zombie (D:6)
  3 hounds
  A quasit (D:8)
  A centaur skeleton (D:7)
  10 crimson imps
  3 scorpions
  An iguana (D:7)
  4 orc priests
  A gnoll shaman (D:6)
  2 orc wizards
  7 worker ants
  A worker ant zombie (D:5)
  6 gnolls
  A green rat (D:6)
  A giant centipede (D:9)
  4 adders
  3 giant mites
  3 worms
  2 giant eyeballs
  3 giant geckos
  2 oozes
  26 orcs
  4 bats
  2 giant cockroaches
  5 goblins
  8 hobgoblins
  3 jackals (D:8)
  39 kobolds
  3 quokkas
  A ball python (D:6)
  A giant newt (D:2)
  A giant spore (D:10)
  An orc skeleton (D:5)
  7 rats
  4 ballistomycetes (D:10)
221 creatures vanquished.

Vanquished Creatures (collateral kills)
  2 yaks (D:6)
  A centaur (D:8)
  A big kobold (D:8)
  A crocodile (D:9)
  A crimson imp (D:5)
  An orc priest (D:5)
  A green rat (D:6)
  3 orcs (D:5)
  A goblin (D:6)
12 creatures vanquished.

Vanquished Creatures (others)
  A plant (D:9)
1 creature vanquished.

Grand Total: 234 creatures vanquished

Notes
Turn   | Place    | Note
--------------------------------------------------------------
     0 | D:1      | 4tharraofdagon, the Centaur Artificer, began the quest for the Orb.
     0 | D:1      | Reached XP level 1. HP: 16/16 MP: 1/1
   314 | D:2      | Reached XP level 2. HP: 9/24 MP: 2/2
   613 | D:4      | Found Ehieruix's Gadget Shoppe.
   852 | D:4      | Paralysed by a giant eyeball for 3 turns
   912 | D:4      | Reached skill level 1 in Axes
   998 | D:5      | Entered Level 5 of the Dungeon
  1116 | D:5      | Found a staircase to the Ecumenical Temple.
  1135 | Temple   | Entered the Ecumenical Temple
  1171 | Temple   | Became a worshipper of Zin the Law-Giver
  1171 | Temple   | Acquired Zin's first power
  1218 | D:5      | Reached XP level 3. HP: 30/30 MP: 4/4
  1231 | D:5      | Noticed a centaur
  1267 | D:5      | Reached XP level 4. HP: 37/37 MP: 4/4
  1275 | D:5      | Killed a centaur
  1275 | D:5      | Reached skill level 1 in Invocations
  1281 | D:5      | Reached skill level 3 in Fighting
  1341 | D:6      | Noticed an orc warrior
  1413 | D:5      | Reached XP level 5. HP: 43/45 MP: 6/6
  1483 | D:6      | Reached skill level 1 in Armour
  1515 | D:6      | Reached XP level 6. HP: 32/51 MP: 7/7
  1539 | D:6      | Found a deep blue altar of Sif Muna.
  1663 | D:6      | Noticed an ogre
  1681 | D:6      | Killed an ogre
  1705 | D:6      | Found a glowing golden altar of the Shining One.
  1730 | D:6      | Noticed a yak
  1731 | D:6      | Noticed a yak
  1731 | D:6      | Noticed a yak
  1731 | D:6      | Noticed a yak
  1731 | D:6      | Noticed a yak
  1732 | D:6      | Found a glowing drain.
  1744 | D:6      | Killed a yak
  1744 | D:6      | Reached skill level 4 in Fighting
  1744 | D:6      | Reached XP level 7. HP: 41/59 MP: 7/9
  1778 | D:6      | Killed a yak
  1797 | D:6      | a yak (ally) was killed
  1809 | D:6      | a yak (ally) was killed
  1850 | D:5      | Noticed Blork the orc
  1863 | D:5      | Killed Blork the orc
  2093 | D:6      | Noticed a necrophage
  2115 | D:6      | Acquired Zin's second power
  2405 | D:8      | Acquired Zin's third power
  2522 | D:9      | Noticed a yak
  2531 | D:9      | Reached skill level 5 in Axes
  2533 | D:9      | Reached XP level 8. HP: 65/67 MP: 12/12
  2535 | D:9      | Noticed a yak
  2536 | D:9      | Found a staircase to the Lair.
  2537 | D:9      | Noticed a yak
  2537 | D:9      | Noticed a yak
  2538 | D:9      | Noticed a yak
  2542 | D:9      | Noticed a yak
  2547 | D:9      | a yak (ally) was killed
  2677 | D:8      | Reached skill level 5 in Fighting
  2702 | D:8      | Reached skill level 6 in Axes
  2709 | D:8      | Reached skill level 5 in Invocations
  3145 | D:9      | Noticed a cyclops
  3185 | D:8      | Reached XP level 9. HP: 58/74 MP: 15/15
  3351 | D:7      | Reached skill level 7 in Axes
  3582 | D:5      | Noticed an ogre
  3611 | D:5      | Killed an ogre
  4017 | D:2      | You fall through a shaft!
  4563 | D:9      | Noticed a yak
  4565 | D:9      | Noticed a yak
  4565 | D:9      | Noticed a yak
  4565 | D:9      | Noticed a yak
  4566 | D:9      | Noticed a yak
  4566 | D:9      | Noticed a yak
  4609 | D:10     | Entered Level 10 of the Dungeon
  4991 | D:10     | Reached skill level 8 in Axes
  5017 | D:11     | Reached XP level 10. HP: 25/84 MP: 18/18
  5216 | D:11     | Found a frozen archway.
  5285 | IceCv    | Entered an ice cave
  5479 | IceCv    | Noticed an ice statue
  5479 | IceCv    | Noticed an ice statue
  5492 | IceCv    | :(
  5722 | IceCv    | Noticed an ice statue
  5732 | IceCv    | Noticed a necromancer
  5742 | IceCv    | Killed a necromancer
  5742 | IceCv    | Reached skill level 9 in Axes
  5742 | IceCv    | Reached skill level 5 in Armour
  5768 | IceCv    | TRASH
  6208 | D:11     | Noticed an eight-headed hydra
  6294 | D:12     | Noticed a four-headed hydra
  6377 | D:12     | Noticed Joseph
  6394 | D:12     | Killed Joseph
  6547 | D:13     | Noticed Urug
  6624 | D:12     | Noticed Grum
  6638 | D:13     | Noticed Erolcha
  6642 | D:13     | Killed Erolcha
  6681 | D:13     | Noticed Piginabag's ghost (powerful DsMo)
  6778 | D:14     | Found a white marble altar of Elyvilon.
  6779 | D:14     | Noticed Snorg
  6799 | D:14     | Killed Snorg
  6799 | D:14     | Reached XP level 11. HP: 56/94 MP: 21/21
  6879 | D:14     | 2horrors
  6937 | D:14     | Noticed Kirke
  6955 | D:14     | Noticed Roxanne
  6984 | D:14     | Found a gate to the Vaults.
  6984 | D:14     | Noticed a vault guard
  6984 | D:14     | Noticed a vault guard
  6984 | D:14     | Noticed a cyclops
  6984 | D:14     | Noticed a vault guard
  6984 | D:14     | Noticed a centaur warrior
  6985 | D:14     | Noticed a vault guard
  6991 | D:14     | Noticed a centaur warrior
  6992 | D:14     | Slain by a vault guard

Action                   |  1- 3 |  4- 6 |  7- 9 | 10-12 || total
-------------------------+-------+-------+-------+-------++-------
Melee: Short sword       |    32 |       |       |       ||    32
       Whip              |    47 |       |       |       ||    47
       War axe           |    14 |   104 |   211 |   117 ||   446
       Hand axe          |       |       |   207 |       ||   207
Throw: Javelin           |       |       |     3 |       ||     3
Invok: Vitalisation      |       |       |     6 |     9 ||    15
       Recite            |       |       |     1 |       ||     1
Evoke: Wand              |     7 |     6 |    42 |    23 ||    78
       sack of spiders   |       |       |       |     2 ||     2
  Use: Scroll            |     8 |       |     6 |    14 ||    28
       Potion            |     1 |     1 |     5 |    11 ||    18
